 Dungeon Crawl Stone Soup version 0.30-a0-719-gcc4359ea44 (webtiles) character file.

Game seed: 5847196800490471458

51 sircluck the Sneak (level 3, -1/17 HPs)
             Began as a Spriggan Enchanter on Jan 27, 2023.
             Slain by a gnoll
             ... wielding a +0 club
              (6 damage)
             ... on level 2 of the Dungeon.
             The game lasted 00:11:57 (1666 turns).

sircluck the Sneak (Spriggan Enchanter)             Turns: 1666, Time: 00:11:57

Health: -1/17      AC:  2    Str:  4    XL:     3   Next: 58%
Magic:  8/8        EV: 18    Int: 16    God:
Gold:   71         SH:  0    Dex: 17    Spells: 8/8 levels left

rFire   . . .      SeeInvis +    a - +1 dagger
rCold   . . .      Faith    .    (no shield)
rNeg    . . .      Spirit   .    b - +0 robe
rPois   .          Reflect  .    (helmet restricted)
rElec   .          Harm     .    (no cloak)
rCorr   .          Rampage  .    (gloves unavailable)
Will    .....                    (boots unavailable)
Stlth   +++                      (no amulet)
HPRegen 0.22/turn                (no ring)
MPRegen 0.11/turn                (no ring)

@: very quick
A: very small, no large weapons, unfitting armour, see invisible, speed 3
a: no special abilities


You were on level 2 of the Dungeon.
You visited 1 branch of the dungeon, and saw 2 of its levels.

You collected 71 gold pieces.

Inventory:

Hand Weapons
 a - a +1 dagger (weapon)
 h - a +1 mace of protection
 p - a +0 short sword of speed
Missiles
 e - 4 boomerangs (quivered)
 f - 9 stones
Armour
 b - a +0 robe (worn)
 g - a +0 helmet
 n - a +0 leather armour
Scrolls
 i - 2 scrolls of silence {unknown}
 k - 3 scrolls of identify {unknown}
 l - 3 scrolls of enchant weapon {unknown}
 m - a scroll of poison {unknown}
Potions
 c - 2 potions of invisibility
 d - a potion of curing {unknown}
 o - a potion of haste {unknown}


   Skills:
 + Level 0.3 Fighting
 + Level 1.5 Short Blades
 + Level 3.3 Dodging
 + Level 5.6 Stealth
 + Level 3.0 Spellcasting
 + Level 3.8 Hexes


You had 8 spell levels left.
You didn't know any spells.
Your spell library contained the following spells:

 Spells                   Type           Power      Damage    Failure   Level
 Confusing Touch          Hex            14%        N/A       12%         3
 Tukima's Dance           Hex            14%        N/A       12%         3
 Ensorcelled Hibernation  Hex/Ice        16%        N/A       13%         2
 Dazzling Flash           Conj/Hex       16%        N/A       26%         3
 Summon Mana Viper        Hex/Summ       8%         N/A       93%         5
 Summon Forest            Summ/Tloc      1%         N/A       99%         5
 Summon Cactus Giant      Summ           1%         N/A       100%        6


Dungeon Overview and Level Annotations

Branches:
Dungeon (2/15)

Altars:
Uskayaw


Innate Abilities, Weirdness & Mutations

You are very small and have problems with some larger weapons.
You are too small for most types of armour.
You have supernaturally acute eyesight. (SInv)
You cover ground extremely quickly. (Speed+++)


Message History

You are too injured to fight recklessly!
You are too injured to fight recklessly!
You are too injured to fight recklessly!
You are too injured to fight recklessly!
You are too injured to fight recklessly!
You are too injured to fight recklessly!
You are too injured to fight recklessly!
You are too injured to fight recklessly!
Setting a skill training target for Throwing at 8.0.
Hit: a) +1 dagger
Press: ? - help, Dir - move target, f - you, p - gnoll That would be overly suicidal.
Okay, then.
Hit: a) +1 dagger
Press: ? - help, Dir - move target, f - you That would be overly suicidal.
Okay, then.
Throw: 5 boomerangs
Press: ? - help, Q - select action, (/) - cycle Shift-Dir - straight line, f - gnoll
Aim: a gnoll, wielding a +0 club (moderately wounded, 63% to hit)
You throw a boomerang. The boomerang hits the gnoll.
The gnoll is heavily wounded.
Throw: 5 boomerangs
Press: ? - help, Q - select action, (/) - cycle Shift-Dir - straight line, f/p - gnoll
Aim: a gnoll, wielding a +0 club (heavily wounded, 63% to hit)
You throw a boomerang. The boomerang hits the gnoll.
The gnoll is severely wounded.
Throw: 5 boomerangs
Press: ? - help, Q - select action, (/) - cycle Shift-Dir - straight line, f/p - gnoll
Aim: a gnoll, wielding a +0 club (severely wounded, 63% to hit)
You throw a boomerang. The boomerang closely misses the gnoll.
The boomerang hits the gnoll.
The gnoll is moderately wounded.
The gnoll completely misses you. The gnoll closely misses you.
You hit the gnoll.
The gnoll is almost dead.
The gnoll hits you from afar with a +0 spear.
* * * LOW HITPOINT WARNING * * *
The gnoll hits you with a +0 club.
You die...

#.# #.÷...# #.#....#.###~~~#..
#.# #.....# #.#.<#.#.##)≈≈~###
#.####.....####.####.#.#~~≈≈~###
#.g...g....'.##......#.#~≈≈~~...
######.....#.#.......#.~~≈≈~#.##
#.....#...g..)..'.~≈≈~~#.##
#.....###.......#~~≈≈~##'##
#.....# #..g....#~≈≈~~.....
####### #.@.....#~≈≈~#.....
#.......~~≈≈~#.....
#.......~≈≈~~#.....
#.......~≈≈~##.....
#.......~≈≈~##.....
#########.......~≈≈~##.....
#...............~≈≈~##.....
#.#####.#####.##~≈≈~~#.....
#.#.....^.###.##~~≈≈~######


You could see 2 gnolls.

Vanquished Creatures
  A gnoll (D:2)
  An adder (D:2)
  A dart slug (D:2)
  8 bats
  An endoplasm (D:1)
  5 goblins (D:1)
  4 hobgoblins
  4 kobolds
  4 ball pythons
  3 rats (D:1)
32 creatures vanquished.

Notes
Turn   | Place    | Note
-------+----------+-------------------------------------------
     0 | D:1      | sircluck the Spriggan Enchanter began the quest for the
                  | Orb.
     0 | D:1      | Reached XP level 1. HP: 9/9 MP: 5/5
   272 | D:1      | Reached skill level 5 in Stealth
   276 | D:1      | Reached XP level 2. HP: 7/13 MP: 6/6
  1144 | D:2      | Reached XP level 3. HP: 16/16 MP: 8/8
  1391 | D:2      | Found a hide-covered altar of Uskayaw.
  1666 | D:2      | Slain by a gnoll

Illustrated notes

Levels and vault maps discovered:
D:1:      dpeg_arrival_rooms_b, layout_rooms
D:2:      wander_river, layout_basic, ebering_ecumenical_altar_mist,
          basic_altar, kennysheep_doodads

Skill      XL: |  1  2 |
---------------+-------+-----
Stealth        | 5 |  5.6
Spellcasting   | 3 |  3.0
Dodging        | 3 |  3.3
Fighting       | |  0.3
Short Blades   | |  1.5
Hexes          | |  3.8

Action                     || total
---------------------------++-------
  Melee: Dagger            ||   131
  Throw: Boomerang         ||    20
    Use: Potion            ||     1
   Stab: Sleeping          ||     3
         Distracted        ||     1
 Armour: Robe              ||    32
  Dodge: Dodged            ||   223

Table legend: (Time is in decaauts)
 A = Elapsed time spent in this place.
 B = Non-inter-level travel time spent in this place.
 C = Inter-level travel time spent in this place.
 D = Time resting spent in this place.
 E = Time spent auto-exploring this place.
 F = Levels seen in this place.
 G = Mean time per level.
                   A        B        C        D        E       F      G
               +--------+--------+--------+--------+--------+-----+--------+
         Total |   1126 |   1119 |      7 |      0 |     91 |   2 |  563.0 |
       Dungeon |   1126 |   1119 |      7 |      0 |     91 |   2 |  563.0 |
               +--------+--------+--------+--------+--------+-----+--------+

Top non-repeatable levels by time:
     D:1: 577 daAuts
     D:2: 548 daAuts
